AoeStats
← jhonskull87

Arena

505679811Analyzed
3v3 RM · 23d ago on Sep 10, 2026· 54m 40s· 6 players
Game mode
Random Map
Map size
Normal (6 player)
Population
200
Speed
Normal
Resources
Standard
Victory
Conquest
Starting age
Dark Age
Ending age
Imperial Age
RankedLock teamsTeams togetherTeam positionsShared explorationLock speedFull tech treeHidden civsTurbo modeCheats
Victory
Defeat
🇹🇷 Turks · Türkiye
817
+12
🇨🇴 Burgundians · Colombia
747
+15
🇲🇽 Persians · Mexico
652
+19
🇷🇺 Vietnamese · Russia
745
-16
🇷🇺 Persians · Russia
741
-16
🇷🇺 Jurchens · Russia
695
-14
butyugov.gp
3:37 Loom
14:35 Feudal Age
16:10 Wheelbarrow
15:37 Double-Bit Axe
16:16 Horse Collar
16:33 Gold Mining
16:33 Stone Mining
21:43 Castle Age
22:39 Hand Cart
23:13 Heavy Plow
23:25 Bow Saw
24:25 Elite Skirmisher
28:14 Ballistics
48:49 Thumb Ring
54:18 Imperial Age
Ganz
0:28 Loom
11:50 Feudal Age
13:03 Double-Bit Axe
19:38 Castle Age
18:16 Stone Mining
18:14 Horse Collar
18:31 Fletching
21:13 Bow Saw
24:35 Gambesons
25:57 Gold Mining
27:57 Arson
30:35 Heavy Plow
30:50 Fortified Wall
31:21 Gold Shaft Mining
31:42 Masonry
36:24 Man-at-Arms
44:10 Bodkin Arrow
44:45 Forging
44:58 Ballistics
44:21 Treadmill Crane
46:50 Iron Casting
48:48 Wheelbarrow
48:02 Pikeman
50:07 Stone Shaft Mining
50:32 Hand Cart
53:11 Squires
54:32 Siege Engineers
57:08 Imperial Age
asl_amsterdam
0:28 Loom
13:59 Feudal Age
19:20 Castle Age
17:27 Horse Collar
17:55 Stone Mining
18:14 Gold Mining
18:36 Double-Bit Axe
21:35 Arson
21:51 Squires
21:39 Gambesons
24:19 Wheelbarrow
26:45 Husbandry
26:06 Light Cavalry
26:57 Bloodlines
27:45 Pikeman
33:07 Imperial Age
31:03 Man-at-Arms
32:01 Long Swordsman
34:38 Town Watch
35:09 Hand Cart
35:37 Sappers
38:34 Conscription
38:15 Kamandaran
38:20 Murder Holes
38:37 Masonry
39:07 Cavalier
43:35 Town Patrol
43:44 Heavy Plow
43:58 Bow Saw
44:26 Stone Shaft Mining
47:56 Gold Shaft Mining
46:59 Savar
48:31 Ballistics
48:29 Capped Ram
50:46 Siege Ram
jhonskull87
11:46 Feudal Age
10:01 Loom
12:45 Double-Bit Axe
12:45 Horse Collar
17:03 Forging
17:25 Stone Mining
21:32 Wheelbarrow
22:07 Scale Mail Armor
22:08 Padded Archer Armor
21:58 Fletching
23:43 Scale Barding Armor
23:41 Gold Mining
28:21 Castle Age
30:50 Heavy Plow
31:51 Pikeman
32:32 Squires
32:17 Gambesons
44:22 Chain Mail Armor
43:51 Elite Skirmisher
50:26 Imperial Age
51:58 Iron Casting
54:16 Leather Archer Armor
53:57 Bodkin Arrow
55:03 Blast Furnace
54:11 Husbandry
53:32 Cavalier
54:14 Heavy Camel Rider
CaminanteH
11:24 Feudal Age
10:00 Double-Bit Axe
10:28 Horse Collar
15:43 Heavy Plow
16:03 Bow Saw
19:56 Castle Age
19:01 Gold Mining
19:55 Wheelbarrow
19:06 Town Watch
19:06 Loom
19:46 Forging
22:18 Arson
22:34 Squires
25:25 Gold Shaft Mining
29:04 Two-Man Saw
29:28 Town Patrol
36:54 Imperial Age
35:23 Crop Rotation
34:45 Stone Mining
35:56 Scale Mail Armor
36:07 Scale Barding Armor
38:40 Chain Barding Armor
41:02 Capped Ram
42:45 Cavalier
43:25 Husbandry
45:47 Paladin
46:05 Elite Coustillier
47:29 Murder Holes
47:45 Fortified Wall
48:24 Fletching
49:10 Iron Casting
48:35 Padded Archer Armor
48:51 Chain Mail Armor
49:11 Plate Barding Armor
Tonyukuk
12:09 Feudal Age
15:55 Castle Age
13:51 Double-Bit Axe
17:11 Loom
20:45 Imperial Age
18:42 Horse Collar
20:34 Bow Saw
25:58 Gold Mining
26:13 Padded Archer Armor
27:14 Leather Archer Armor
37:25 Wheelbarrow
38:10 Stone Mining
39:17 Heavy Plow
39:20 Town Watch
40:10 Ring Archer Armor
39:34 Fletching
40:39 Bloodlines
40:30 Husbandry
41:43 Hand Cart
42:00 Ballistics
41:28 Treadmill Crane
44:47 Conscription
45:27 Scale Barding Armor
45:33 Forging
47:01 Masonry
48:06 Two-Man Saw
49:23 Chain Barding Armor
49:39 Iron Casting
50:04 Murder Holes
50:18 Artillery
50:57 Hoardings
Connection lost

Rejoining the realm…

Still unreachable

The connection could not be restored.

Session expired

The server has moved on; the page needs a fresh start.